 Dungeon Crawl Stone Soup version 0.30-b1-2-g02819fbbbe (webtiles) character file.

Game seed: 7119540120308050987

11874 LordXaan the Thaumaturge (level 11, -6/63 HPs)
             Began as a Deep Elf Conjurer on July 3, 2023.
             Was an Initiate of Vehumet.
             Mangled by an ogre
             ... wielding a +0 giant club
             ... led by Lodul
              (30 damage)
             ... on level 11 of the Dungeon.
             The game lasted 00:37:15 (16142 turns).

LordXaan the Thaumaturge (Deep Elf Conjurer)       Turns: 16142, Time: 00:37:15

Health: -6/63      AC: 10    Str:  4    XL:     11   Next: 55%
Magic:  13/31      EV: 12    Int: 28    God:    Vehumet [......]
Gold:   797        SH:  0    Dex: 13    Spells: 30/39 levels left

rFire   . . .        f - staff of conjuration {!a}
rCold   . . .        (no shield)
rNeg    . . .        a - +0 robe
rPois   .            (no helmet)
rElec   .            (no cloak)
rCorr   .            (no gloves)
SInv    .            (no boots)
Will    +....        g - amulet of regeneration
Stlth   ++           O - +4 ring of protection
HPRegen 1.10/turn    o - +4 ring of protection
MPRegen 0.22/turn

%: no passive effects
@: no status effects
A: no striking features
a: Renounce Religion


You were on level 11 of the Dungeon.
You worshipped Vehumet.
Vehumet was noncommittal.
You visited 2 branches of the dungeon, and saw 12 of its levels.

You collected 797 gold pieces.


   Skills:
 - Level 5.0 Fighting
 - Level 5.5 Throwing
 - Level 2.4 Dodging
 - Level 2.4 Stealth
 - Level 14.5 Spellcasting
 + Level 10.1 Conjurations
 + Level 10.1 Translocations


You had 30 spell levels left.
You knew the following spells:

 Your Spells              Type           Power      Damage    Failure   Level
b - Blink                 Tloc           100%       N/A       1%          2
i - Iskenderun's Mystic   Conj/Tloc      86%        2d17      1%          4
m - Magic Dart            Conj           100%       1d8       1%          1
s - Searing Ray           Conj           100%       2d8       1%          2

Your spell library contained the following spells:

 Spells                   Type           Power      Damage    Failure   Level
 Apportation              Tloc           100%       N/A       1%          1
 Dazzling Flash           Conj/Hex       100%       N/A       1%          3
 Stone Arrow              Conj/Erth      100%       3d13      1%          3
 Manifold Assault         Tloc           67%        N/A       1%          4
 Necrotise                Necr           80%        1d8       2%          1
 Sandblast                Erth           40%        2d10      2%          1
 Sting                    Tmut/Pois      80%        1d7       2%          1
 Ensorcelled Hibernation  Hex/Ice        40%        N/A       3%          2
 Passwall                 Tmut/Erth      16%        N/A       3%          2
 Poisonous Vapours        Pois/Air       40%        N/A       3%          2
 Fulminant Prism          Conj/Hex       32%        3d16      3%          4
 Swiftness                Air            20%        N/A       8%          3
 Vampiric Draining        Necr           20%        2d7       8%          3
 Summon Forest            Summ/Tloc      24%        N/A       9%          5
 Animate Dead             Necr           20%        N/A       26%         4
 Olgreb's Toxic Radiance  Pois           20%        N/A       26%         4
 Agony                    Necr           20%        N/A       56%         5
 Alistair's Intoxication  Tmut/Pois      13%        N/A       56%         5
 Summon Mana Viper        Hex/Summ       20%        N/A       56%         5
 Summon Cactus Giant      Summ           10%        N/A       98%         6
 Haunt                    Necr/Summ      10%        N/A       100%        7
 Storm Form               Tmut/Air       10%        N/A       100%        7
 Infestation              Necr           10%        N/A       100%        8

Inventory:

Hand Weapons
 b - a +4 mace of freezing
   (You took it off a wight on level 6 of the Dungeon)
 e - a +4 great sword of freezing
   (You took it off a wight on level 7 of the Dungeon)
Missiles
 d - 104 stones
 s - 2 throwing nets {=f!f}
 v - 7 boomerangs
 A - 2 javelins
 I - 8 poisoned darts
 K - a curare-tipped dart {=f}
Armour
 a - a +0 robe (worn)
 l - the +3 chain mail of Ratz {Harm +Blink Str+3 Dex+4}
   (You found it on level 2 of the Dungeon)

   Str:       It affects your strength (+3).
   Dex:       It affects your dexterity (+4).
   +Blink:    It lets you blink.
   Harm:      It increases damage dealt and taken.
 q - a scarf of harm
   (You found it on level 2 of the Dungeon)
 P - a +2 robe of cold resistance
   (You took it off an orc wizard on level 10 of the Dungeon)
 Q - a +0 pair of boots
   (You found it on level 10 of the Dungeon)
 R - a +1 pair of gloves
   (You found it on level 10 of the Dungeon)
Magical Staves
 f - a staff of conjuration (weapon) {!a}
   (You acquired it on level 6 of the Dungeon)
Jewellery
 g - an amulet of regeneration (around neck)
   (You found it on level 9 of the Dungeon)
 o - a +4 ring of protection (right hand)
   (You found it on level 3 of the Dungeon)
 t - an amulet of reflection
   (You found it on level 3 of the Dungeon)
 C - a ring of protection from cold
   (You found it on level 1 of the Dungeon)
 O - a +4 ring of protection (left hand)
   (You found it on level 1 of the Dungeon)
 Z - a ring of wizardry
   (You found it on level 9 of the Dungeon)
Wands
 D - a wand of charming (18)
   (You found it on level 4 of the Dungeon)
 E - a wand of flame (15)
   (You found it on level 5 of the Dungeon)
 L - a wand of polymorph (8)
   (You found it on level 8 of the Dungeon)
 M - a wand of mindburst (6)
   (You found it on level 9 of the Dungeon)
Scrolls
 c - a scroll of vulnerability {!r!r}
 h - 8 scrolls of teleportation {@r4}
 p - 6 scrolls of fog
 r - a scroll of magic mapping {!r}
 w - a scroll of silence {!r}
 x - 2 scrolls of enchant weapon
 y - a scroll of fear
 H - 2 scrolls of identify {@r1}
 N - a scroll of blinking {!r}
Potions
 i - 5 potions of degeneration {!q}
 j - a potion of berserk rage {!q}
 k - 3 potions of flight
 m - 5 potions of might
 n - a potion of resistance
 u - a potion of mutation {unknown}
 z - 3 potions of lignification {!q}
 B - a potion of haste {@q3}
 F - 3 potions of curing {unknown}
 G - a potion of invisibility {unknown}
 J - 4 potions of attraction {unknown}

Dungeon Overview and Level Annotations

Branches:
Dungeon (11/15) Zot: 26504  Temple (1/1) D:6 Zot: 5763     Orc (0/2) D:10
   Lair: D:8-11

Altars:
Ashenzari
Cheibriados
Dithmenos
Elyvilon
Fedhas
Gozag
Hepliaklqana
Kikubaaqudgha
Makhleb
Nemelex Xobeh
Okawaru
Qazlal
Ru
Sif Muna
Trog
Uskayaw
Vehumet
Wu Jian
Xom
Yredelemnul
Zin
The Shining One

Annotations:
D:4 exclusion: oklob plant
D:7 1 runed translucent door, Crazy Yiuf
D:11 1 transporter, exclusion: oklob plant, Lodul

..#####...........
..................
............O.....
..######.........?
#))).O..... ##.########
#.)O# ###'########
#..@O......# ###+##
#..........# #.....
#..........####.....
..#####..........'.)#.....
#.....'..........##.'.....
#######.......)..####.....
#.^........# ####'#
############ ##.# #..#


You could see Lodul and an ogre.


Message History

😎 MP[+13]
Your mp is fully restored (31).
You start waiting.
Done waiting.
You open the door.
There is an open door here.
You see here a +0 giant spiked club.
An ogre comes into view. It is wielding a +0 giant spiked club.
An ogre comes into view. It is wielding a +0 giant club.
The ogre shouts! x2; You hear a shout!
An ogre comes into view. It is wielding a +0 giant club.
Items here: )) ††.
Casting: Iskenderun's Mystic Blast (safe; 1% risk of failure)
Confirm with . or Enter, or press ? or * to list all spells.
You can't see any susceptible monsters within range! (Use Z to cast anyway.) Unknown command.
Casting: Iskenderun's Mystic Blast (safe; 1% risk of failure)
Confirm with . or Enter, or press ? or * to list all spells.
You don't know that spell.
You feel a surge of power!
The magic dart hits Lodul. 😎 MP[-1]
You lost 1 mp, and now have 30/31 mp.
Casting: Magic Dart (safe; 1% risk of failure)
Confirm with . or Enter, or press ? or * to list all spells.
You feel a surge of power!
You erupt in a blast of force!
The mystic blast hits the ogre!
The ogre is knocked back by the mystic blast.
You hear a shout! 😎 MP[-4]
You lost 4 mp, and now have 26/31 mp.
Unknown command.
Unknown command.
Electricity crackles from Lodul's apparatus.
The bolt of lightning hits you!! 😮 HP[-19] MP[+1]
You take 19 damage, and now have 44/63 hp.
MASSIVE DAMAGE!! (PAUSE)
Casting: Iskenderun's Mystic Blast (safe; 1% risk of failure)
Confirm with . or Enter, or press ? or * to list all spells.
You feel a surge of power!
You erupt in a blast of force!
The mystic blast hits the ogre!!
You kill the ogre!
Vehumet accepts your kill.
Electricity crackles from Lodul's apparatus.
The bolt of lightning hits you!!
Ouch! That really hurt!
* * * LOW HITPOINT WARNING * * *
😱 HP[-32] MP[-4]
You take 32 damage, and now have 12/63 hp.
MASSIVE DAMAGE!! (PAUSE)
You lost 4 mp, and now have 23/31 mp.
You see here a +0 giant spiked club. 😱 HP[+1]
Casting: Iskenderun's Mystic Blast (safe; 1% risk of failure)
Confirm with . or Enter, or press ? or * to list all spells.
You feel a surge of power!
You erupt in a blast of force!
The mystic blast hits the ogre!
The ogre is knocked back by the mystic blast.
The ogre slams into the rock wall!
You kill the ogre!
Vehumet accepts your kill. 😱 HP[+1] MP[-4]
You lost 4 mp, and now have 19/31 mp.
Unknown command. 😱 HP[+1]
There is an open door here. 😨 HP[+2] MP[+1]
You regained 2 hp, and now have 17/63 hp. 😨 HP[+1]
You close the door.
An ogre opens the door. 😨 HP[+1]
Okay, then.
You close the door.
An ogre breaks down the door.
Lodul lets out a whooping war cry. 😨 HP[+1] 😨 HP[+1] MP[+1]
Casting: Iskenderun's Mystic Blast (safe; 1% risk of failure)
Confirm with . or Enter, or press ? or * to list all spells.
You don't know that spell.
Casting: Iskenderun's Mystic Blast (safe; 1% risk of failure)
Confirm with . or Enter, or press ? or * to list all spells.
You feel a surge of power!
You erupt in a blast of force!
The mystic blast hits the ogre. 😨 HP[+1] MP[-4]
You lost 4 mp, and now have 17/31 mp.
Casting: Iskenderun's Mystic Blast (safe; 1% risk of failure)
Confirm with . or Enter, or press ? or * to list all spells.
You don't know that spell.
Casting: Iskenderun's Mystic Blast (safe; 1% risk of failure)
Confirm with . or Enter, or press ? or * to list all spells.
You feel a surge of power!
You erupt in a blast of force!
The mystic blast hits Lodul!
Lodul is knocked back by the mystic blast.
Lodul slams into the rock wall!
The mystic blast hits the ogre!
The ogre is knocked back by the mystic blast. 😨 HP[+1] MP[-4]
You lost 4 mp, and now have 13/31 mp.
Unknown command.
The ogre hits you with a +0 giant club!!
You die...

Skill      XL: |  1  2  3  4  5  6  7  8  9 10 11 |
---------------+----------------------------------+-----
Spellcasting   | 4 5 7 8 12 14 | 14.5
Conjurations   | 5 6 8 10 | 10.1
Translocations | 4 8 10 | 10.1
Fighting       | 2 5 |  5.0
Throwing       | 5 |  5.5
Dodging        | |  2.4
Stealth        | |  2.4

Action                     |  1- 3 |  4- 6 |  7- 9 | 10-12 || total
---------------------------+-------+-------+-------+-------++-------
   Cast: Magic Dart        |    88 |   141 |   135 |    91 ||   455
         Searing Ray       |     1 |    12 |    51 |    51 ||   115
         Iskenderun's Myst |       |       |    23 |    53 ||    76
  Evoke: Wand              |       |       |     1 |     1 ||     2
    Use: Potion            |       |       |     2 |     5 ||     7
         Scroll            |       |       |    19 |     1 ||    20
 Armour: Robe              |     8 |     6 |    20 |    34 ||    68
         Chain mail        |     6 |       |       |       ||     6
         Skin              |     1 |       |       |       ||     1
  Dodge: Dodged            |    21 |     8 |    27 |    68 ||   124
  Block: Other             |       |     2 |     6 |    16 ||    24
         Reflection        |       |       |     1 |     1 ||     2

Levels and vault maps discovered:
D:1:      minmay_arrival_jagged, layout_rooms, shapermc_ecumenical_altar_ellora,
          grunt_decor_mini_mirrors
D:2:      layout_basic, minmay_goblin_kobold_house
D:3:      minmay_angry_zag, layout_basic, chei_slow_surprise
D:4:      layout_rooms, tgw_fedhas, mainiacjoe_overflow_tiny_flanked,
          minmay_fire_ice_demons
D:5:      layout_basic
D:6:      layout_loops_ring, marbit_many_paths,
          pdpol_wu_jian_five_deadly_venoms, minmay_temple_entry_statues
D:7:      layout_loops_cross, lemuel_zombie_altar_yredelemnul,
          nicolae_overflow_hidden_temple, jmf_multi_god_temple,
          nrook_mini_vaults, uniq_crazy_yiuf_cottage, uniq_joseph, uniq_duvessa,
          uniq_prince_ribbit1
D:8:      layout_rooms, dk_noncrumbling_2
D:9:      layout_basic, uniq_harold
D:10:     layout_irregular_city, mainiacjoe_overflow_cross_hatched,
          mainiacjoe_overflow_chevrons, david_orc_4, serial_bayou_ford_a,
          roderic_roman_lattice
D:11:     layout_roguey, dpeg_oklobed_lair, gammafunk_ghost_wrathful_warriors,
          laboratory, uniq_nergalle, uniq_lodul
Temple:   chequers_temple_sunken

Notes
Turn   | Place    | Note
-------+----------+-------------------------------------------
     0 | D:1      | LordXaan the Deep Elf Conjurer began the quest for the Orb.
     0 | D:1      | Reached XP level 1. HP: 10/10 MP: 6/6
     0 | D:1      | magus.rc [v1.11.6]
   252 | D:1      | Reached skill level 4 in Spellcasting
   252 | D:1      | Reached XP level 2. HP: 13/15 MP: 2/9
   384 | D:1      | You add the spells Passwall, Ensorcelled Hibernation and
                  | Swiftness to your library.
   863 | D:1      | Reached XP level 3. HP: 19/19 MP: 7/11
   899 | D:1      | Reached skill level 5 in Spellcasting
  1092 | D:1      | Found a faded altar of an unknown god.
  1336 | D:2      | Identified the +3 chain mail of Ratz {Harm +Blink Str+3
                  | Dex+4}
  1403 | D:2      | Learned a level 2 spell: Searing Ray
  1775 | D:2      | Reached XP level 4. HP: 24/24 MP: 9/13
  1810 | D:2      | Reached skill level 6 in Spellcasting
  2174 | D:2      | You add the spells Necrotise, Vampiric Draining and Agony
                  | to your library.
  2341 | D:2      | Reached skill level 7 in Spellcasting
  2346 | D:2      | Reached XP level 5. HP: 28/28 MP: 6/16
  2684 | D:3      | Found a snail-covered altar of Cheibriados.
  3692 | D:4      | Reached skill level 8 in Spellcasting
  3697 | D:4      | Learned a level 4 spell: Iskenderun's Mystic Blast
  3768 | D:4      | Reached skill level 5 in Conjurations
  3775 | D:4      | Reached XP level 6. HP: 32/32 MP: 11/19
  4028 | D:4      | Found a shadowy altar of Dithmenos.
  4454 | D:4      | Found a blossoming altar of Fedhas.
  4467 | D:4      | Noticed an oklob plant
  4698 | D:5      | Entered Level 5 of the Dungeon
  4894 | D:5      | Reached skill level 6 in Conjurations
  5081 | D:5      | You add the spells Blink, Manifold Assault and Storm Form
                  | to your library.
  5136 | D:5      | Reached XP level 7. HP: 36/36 MP: 14/20
  5220 | D:5      | Reached skill level 7 in Conjurations
  5700 | D:5      | Reached skill level 8 in Conjurations
  5700 | D:5      | Reached skill level 1 in Translocations
  6010 | D:5      | Reached skill level 2 in Translocations
  6061 | D:5      | Reached skill level 3 in Translocations
  6349 | D:6      | Reached skill level 4 in Translocations
  6406 | D:6      | Reached XP level 8. HP: 41/41 MP: 18/22
  6494 | D:6      | Reached skill level 5 in Translocations
  6703 | D:6      | Found an ornate altar of the Wu Jian Council.
  6719 | D:6      | Reached skill level 6 in Translocations
  6895 | D:6      | Reached skill level 7 in Translocations
  7122 | D:6      | Found a staircase to the Ecumenical Temple.
  7135 | Temple   | Entered the Ecumenical Temple
  7364 | D:6      | Reached skill level 8 in Translocations
  7398 | D:6      | Reached skill level 1 in Fighting
  7564 | D:6      | Found a glowing silver altar of Zin.
  7756 | D:6      | Reached skill level 2 in Fighting
  7896 | D:6      | Reached XP level 9. HP: 48/48 MP: 12/23
  8287 | D:6      | Identified a scroll of acquirement
  8287 | D:6      | Acquired a staff of conjuration
  8454 | D:7      | Noticed Duvessa
  8454 | D:7      | Noticed Dowan
  8469 | D:7      | Found a shimmering blue altar of Sif Muna.
  8728 | D:7      | Noticed Prince Ribbit
  8739 | D:7      | Killed Prince Ribbit
  8740 | D:7      | Reached skill level 3 in Fighting
  8884 | D:7      | Reached skill level 9 in Spellcasting
  8903 | D:7      | Reached skill level 4 in Fighting
  8905 | D:7      | Killed Duvessa
  8908 | D:7      | Killed Dowan
  9056 | D:7      | Paralysed by a hornet for 1 turns
  9064 | D:7      | HP: 13/52 [hornet (4)]
  9067 | D:7      | Reached skill level 5 in Fighting
  9067 | D:7      | HP: 6/54 [poisoned by a hornet]
  9275 | D:7      | Found an ancient bone altar of Kikubaaqudgha.
  9276 | D:7      | Found a glowing golden altar of the Shining One.
  9340 | D:7      | Reached skill level 10 in Spellcasting
  9490 | D:7      | Reached skill level 11 in Spellcasting
  9799 | D:7      | Found a runed translucent door.
  9800 | D:7      | Noticed Crazy Yiuf
  9945 | D:7      | Found a basalt altar of Yredelemnul.
 10187 | D:7      | Reached skill level 12 in Spellcasting
 10187 | D:7      | Reached XP level 10. HP: 50/59 MP: 21/28
 10305 | D:7      | Noticed Joseph
 10315 | D:7      | Killed Joseph
 10578 | D:7      | Learned a level 2 spell: Blink
 10845 | D:8      | Reached skill level 1 in Throwing
 11161 | D:8      | You add the spells Summon Forest, Summon Mana Viper and
                  | Summon Cactus Giant to your library.
 11814 | D:9      | Reached skill level 2 in Throwing
 11814 | D:9      | Reached skill level 13 in Spellcasting
 11948 | D:9      | You add the spells Animate Dead, Haunt and Infestation to
                  | your library.
 12337 | D:9      | Reached skill level 3 in Throwing
 12340 | D:9      | Noticed Harold
 12345 | D:9      | Reached skill level 4 in Throwing
 12381 | D:9      | Killed Harold
 12382 | D:9      | Reached skill level 14 in Spellcasting
 12397 | D:9      | HP: 12/59 [yak (11)]
 12399 | D:9      | HP: 1/59 [yak (12)]
 12404 | D:10     | Entered Level 10 of the Dungeon
 12649 | D:9      | Reached skill level 5 in Throwing
 13276 | D:9      | You add the spells Apportation and Alistair's Intoxication
                  | to your library.
 13772 | D:10     | Noticed a centaur warrior
 13783 | D:10     | Reached XP level 11. HP: 41/63 MP: 13/31
 13785 | D:10     | Killed a centaur warrior
 14056 | D:10     | You add the spells Sandblast and Stone Arrow to your
                  | library.
 14375 | D:10     | HP: 13/63 [orc warrior/bolt (18)]
 14378 | D:10     | HP: 5/63 [orc priest/divine providence (11)]
 14524 | D:10     | Found a staircase to the Orcish Mines.
 14572 | D:10     | Reached skill level 9 in Conjurations
 14572 | D:10     | Reached skill level 9 in Translocations
 14790 | D:10     | Found a radiant altar of Vehumet.
 14810 | D:10     | Became a worshipper of Vehumet
 15306 | D:10     | Found a hazy altar of Hepliaklqana.
 15648 | D:11     | Noticed an oklob plant
 15858 | D:11     | You add the spells Sting, Poisonous Vapours and Olgreb's
                  | Toxic Radiance to your library.
 15870 | D:11     | Found a transporter.
 15940 | D:11     | Noticed Lodul
 15954 | D:11     | Reached skill level 10 in Conjurations
 15954 | D:11     | Reached skill level 10 in Translocations
 16131 | D:11     | HP: 12/63 [Lodul/bolt of lightning (33)]
 16142 | D:11     | Mangled by an ogre

Vanquished Creatures
  Harold (D:9)
  A centaur warrior (D:10)
  A manticore (D:11)
  Joseph (D:7)
  A gargoyle (D:10)
  A komodo dragon (D:10)
  An unseen horror zombie (D:7)
  A troll (D:10)
  A hornet (D:7)
  Prince Ribbit (D:7)
  16 yaks
  A shadow (D:11)
  2 wyverns
  2 vampire mosquitoes (D:10)
  Duvessa (D:7)
  3 water moccasins
  6 orc warriors
  A sky beast (D:7)
  A black bear (D:7)
  3 ice beasts
  6 ogres
  2 centaurs
  A phantom (D:5)
  A kobold brigand (D:8)
  4 bullfrogs
  A gnoll sergeant (D:5)
  2 scorpions
  12 wights
  Dowan (D:7)
  11 killer bees
  6 howler monkeys
  An electric eel (D:10)
  A crimson imp (D:4)
  A bullfrog zombie (D:7)
  10 orc priests
  A hound (D:7)
  A gnoll bouda (D:6)
  2 jellies
  A sleepcap (D:5)
  7 iguanas
  16 orc wizards
  A mummy (D:3)
  11 adders
  12 gnolls
  A shadow imp (D:7)
  2 white imps
  An ufetubus (D:5)
  4 worms
  2 dart slugs
  30 orcs
  6 bats
  8 endoplasms
  6 giant cockroaches
  12 goblins
  12 hobgoblins
  9 jackals
  10 quokkas
  8 ball pythons
  4 frilled lizards
  14 kobolds
  3 rats
290 creatures vanquished.

Vanquished Creatures (others)
  A fungus (D:1)
  20 plants (D:10)
21 creatures vanquished.

Grand Total: 311 creatures vanquished

Table legend:
 A = Non-vault XP
 B = Vault XP
 C = Vault XP percentage of total XP
 D = Non-vault monster count
 E = Vault monster count
 F = Vault count percentage of total count
                 A         B        C        D         E       F
            +---------+---------+-------+---------+---------+-------
      Total |   12999 |    3965 |  23.4 |     241 |      49 |  16.9
            +---------+---------+-------+---------+---------+-------
        D:1 |      56 |       0 |   0.0 |      31 |       0 |   0.0
        D:2 |     126 |      14 |  10.0 |      26 |       7 |  21.2
        D:3 |      27 |      50 |  64.9 |      15 |      10 |  40.0
        D:4 |     171 |      58 |  25.3 |      17 |       2 |  10.5
        D:5 |     763 |       0 |   0.0 |      25 |       0 |   0.0
        D:6 |    1527 |      13 |   0.8 |      35 |       1 |   2.8
        D:7 |    1856 |    1591 |  46.2 |      24 |       8 |  25.0
        D:8 |     449 |       0 |   0.0 |       9 |       0 |   0.0
        D:9 |    3064 |     881 |  22.3 |      27 |       1 |   3.6
       D:10 |    4166 |     744 |  15.2 |      30 |      15 |  33.3
       D:11 |     794 |     614 |  43.6 |       2 |       5 |  71.4
            +---------+---------+-------+---------+---------+-------

Skill      XL: |  1  2  3  4  5  6  7  8  9 10 11 |
---------------+----------------------------------+-----
Spellcasting   | 4 5 7 8 12 14 | 14.5
Conjurations   | 5 6 8 10 | 10.1
Translocations | 4 8 10 | 10.1
Fighting       | 2 5 |  5.0
Throwing       | 5 |  5.5
Dodging        | |  2.4
Stealth        | |  2.4

Action                     |  1- 3 |  4- 6 |  7- 9 | 10-12 || total
---------------------------+-------+-------+-------+-------++-------
   Cast: Magic Dart        |    88 |   141 |   135 |    91 ||   455
         Searing Ray       |     1 |    12 |    51 |    51 ||   115
         Iskenderun's Myst |       |       |    23 |    53 ||    76
  Evoke: Wand              |       |       |     1 |     1 ||     2
    Use: Potion            |       |       |     2 |     5 ||     7
         Scroll            |       |       |    19 |     1 ||    20
 Armour: Robe              |     8 |     6 |    20 |    34 ||    68
         Chain mail        |     6 |       |       |       ||     6
         Skin              |     1 |       |       |       ||     1
  Dodge: Dodged            |    21 |     8 |    27 |    68 ||   124
  Block: Other             |       |     2 |     6 |    16 ||    24
         Reflection        |       |       |     1 |     1 ||     2

Illustrated notes

Table legend:
 A = Kills in this place as a percentage of kills in the entire game.
 B = Kills by you in this place as a percentage of kills by you in the entire game.
 C = Kills by friends in this place as a percentage of kills by friends in the entire game.
 D = Other kills in this place as a percentage of other kills in the entire game.
 E = Experience gained in this place as a percentage of experience gained in the entire game.
 F = Experience gained in this place divided by the number of levels of this place that you have seen.
                   A       B       C       D       E      F
               +-------+-------+-------+-------+-------+----------------------
         Total | 100.0 | 100.0 |   N/A |   N/A | 100.0 | 1413.7
       Dungeon | 100.0 | 100.0 |   N/A |   N/A | 100.0 | 1542.2
               +-------+-------+-------+-------+-------+----------------------

Table legend: (Time is in decaauts)
 A = Elapsed time spent in this place.
 B = Non-inter-level travel time spent in this place.
 C = Inter-level travel time spent in this place.
 D = Time resting spent in this place.
 E = Time spent auto-exploring this place.
 F = Levels seen in this place.
 G = Mean time per level.
                   A        B        C        D        E       F      G
               +--------+--------+--------+--------+--------+-----+--------+
         Total |  16223 |  15585 |    638 |   5715 |   8297 |  12 | 1351.9 |
       Dungeon |  15986 |  15352 |    634 |   5715 |   8072 |  11 | 1453.3 |
        Temple |    237 |    234 |      3 |      0 |    225 |   1 |  237.0 |
               +--------+--------+--------+--------+--------+-----+--------+

Top non-repeatable levels by time:
     D:7: 2164 daAuts
     D:6: 2081 daAuts
     D:9: 2027 daAuts
    D:10: 1705 daAuts
     D:5: 1569 daAuts
     D:1: 1346 daAuts
     D:2: 1228 daAuts
     D:3: 1151 daAuts
     D:4: 1147 daAuts
     D:8: 1068 daAuts
    D:11: 494 daAuts
  Temple: 237 daAuts
